 Dungeon Crawl Stone Soup version 0.30.0-29-ga12c61a403 (webtiles) character file.

Game seed: 8752902120386642427

803 ChadusMaximus the Caller (level 7, -1/59 HPs)
             Began as a Grey Draconian Summoner on June 21, 2023.
             Was an Initiate of the Shining One.
             Slain by Eustachio
             ... wielding a +1 falchion of flaming
              (2 damage)
             ... on level 5 of the Dungeon.
             The game lasted 00:16:21 (5197 turns).

ChadusMaximus the Caller (Grey Draconian Summoner)  Turns: 5197, Time: 00:16:22

Health: -1/59      AC: 13    Str: 11      XL:     7   Next: 59%
Magic:  20/22      EV: 12    Int: 17      God:    the Shining One [......]
Gold:   198        SH:  0    Dex:  8 (11) Spells: 10/14 levels left

rFire   . . .        A - +0 halberd
rCold   . . .        (shield currently unavailable)
rNeg    . . .        (body armour unavailable)
rPois   .            (helmet restricted)
rElec   .            s - +1 cloak
rCorr   +            (no gloves)
SInv    .            (no boots)
Will    .....        (no amulet)
Stlth   +            m - ring of resist corrosion
HPRegen 0.29/turn    g - ring of magical power
MPRegen 0.18/turn

%: no passive effects
@: glowing
A: AC +11, amphibious, unfitting armour, cold-blooded
a: Renounce Religion


You were on level 5 of the Dungeon.
You worshipped the Shining One.
The Shining One was noncommittal.
You visited 2 branches of the dungeon, and saw 6 of its levels.

You collected 198 gold pieces.

Inventory:

Hand Weapons
 f - a +0 spear
 A - a +0 halberd (weapon)
Armour
 d - a +0 robe
 q - a +0 cloak
 s - a +1 cloak (worn)
 v - the +3 warlock's mirror {omnireflect}
   (You acquired it on level 5 of the Dungeon)

   Omnireflect: It can block and reflect piercing ranged attacks and magical
   attacks against the wielder's willpower.
Jewellery
 g - a ring of magical power (right hand)
 m - a ring of resist corrosion (left hand)
 w - an amulet of guardian spirit
Wands
 o - a wand of flame (20)
 u - a wand of digging (5)
Scrolls
 e - a scroll of amnesia
 h - 4 scrolls of vulnerability
 j - 3 scrolls of noise
 n - 3 scrolls of poison
 r - 2 scrolls of fog
 t - a scroll of immolation
 y - a scroll of blinking
Potions
 a - a potion of magic
 b - a potion of might
 c - 4 potions of lignification
 k - a potion of haste
 l - a potion of invisibility {unknown}
 p - 3 potions of curing {unknown}
 x - a potion of flight {unknown}
 z - 2 potions of mutation {unknown}


   Skills:
 + Level 4.3 Fighting
 - Level 2.0 Dodging
 - Level 2.0 Stealth
 + Level 4.2 Spellcasting
 * Level 7.2 Summonings


You had 10 spell levels left.
You knew the following spells:

 Your Spells              Type           Power      Damage    Failure   Level
a - Summon Small Mammal   Summ           100%       N/A       1%          1
c - Call Canine Familiar  Summ           28%        N/A       2%          3

Your spell library contained the following spells:

 Spells                   Type           Power      Damage    Failure   Level
 Call Imp                 Summ           56%        N/A       1%          2
 Summon Guardian Golem    Hex/Summ       15%        N/A       11%         3
 Summon Lightning Spire   Summ/Air       15%        N/A       34%         4
 Hailstorm                Conj/Ice       3%         3d3       43%         3
 Tukima's Dance           Hex            3%         N/A       43%         3
 Ice Form                 Ice/Tmut       3%         N/A       83%         4
 Passage of Golubria      Tloc           3%         N/A       83%         4
 Yara's Violent Unravell  Hex/Tmut       1%         3d3       99%         5
 Simulacrum               Ice/Necr       1%         N/A       100%        6


Dungeon Overview and Level Annotations

Branches:
Dungeon (5/15)             Temple (1/1) D:5

Altars:
Cheibriados
Dithmenos
Fedhas
Kikubaaqudgha
Nemelex Xobeh
Qazlal
Ru
Wu Jian
Xom
Yredelemnul
Zin
The Shining One

Shops:
D:1 ==[?

Annotations:
D:3 2 transporters, Zelen911's ghost, amateur DrBe
D:5 Eustachio


Innate Abilities, Weirdness & Mutations

Your dull iron-grey scales are very hard. (AC +11)
You are amphibious.
You cannot fit into any form of body armour.
You are cold-blooded and may be slowed by cold attacks.


Message History

The bat hits your quokka. Eustachio closely misses you.
Your quokka bites the bat.
The ufetubus hits you. The ufetubus barely misses you.
The bat hits your quokka but does no damage.
You barely miss Eustachio.
Eustachio is moderately wounded.
The bat barely misses your quokka. The bat closely misses your quokka.
The ufetubus misses you. The ufetubus closely misses you.
Eustachio completely misses you. The shadow imp barely misses you.
Your hound bites Eustachio.
The ufetubus closely misses you. The ufetubus hits you.
Eustachio hits you with a +1 falchion of flaming.
* * * LOW HITPOINT WARNING * * *
Eustachio burns you.
* * * LOW HITPOINT WARNING * * *
The shadow imp gestures at you.
You struggle to resist.
Your quokka misses Eustachio. You puncture Eustachio!
Eustachio is heavily wounded.
The bat barely misses your quokka. The bat closely misses your quokka.
Your hound closely misses Eustachio.
The ufetubus misses you. The ufetubus barely misses you.
Your quokka barely misses Eustachio.
The ufetubus hits you but does no damage.
The ufetubus barely misses you.
Eustachio hits you with a +1 falchion of flaming.
* * * LOW HITPOINT WARNING * * *
Eustachio burns you.
* * * LOW HITPOINT WARNING * * *
Your hound bites Eustachio.
The shadow imp hits you.
* * * LOW HITPOINT WARNING * * *
You miss Eustachio.
You tail-slap Eustachio, but do no damage.
Eustachio is severely wounded.
Your hound barely misses Eustachio.
The ufetubus misses you.
The ufetubus hits you but does no damage.
Your quokka barely misses Eustachio.
Eustachio hits you with a +1 falchion of flaming!
* * * LOW HITPOINT WARNING * * *
Eustachio burns you.
You die...

#.##.##...## # ##.## .. #.# ..
#.# ###. .# ##r## ... .## ##.).##
#.# ##.# ##...))## ##.# .###..##
##..rh5).## ##..#
#.#....####....@@...####...######
#........'....5....'...........§
#.#...####.........####...###.~~
#.#...# ##.......## ##.)# #~~§
#...#.# ##.....## ##.# #§§§
#..##.#######...## #.# #§~~
#.......... .#+## ##.# #.~~
#....##### #.#.# #..# #..§
#........# #.#.# #.## ####


You could see Eustachio (ally target), a shadow imp (summoned), an ufetubus
(summoned), a friendly hound (summoned) and 2 friendly quokkas.

Vanquished Creatures
  An ogre (D:5)
  2 scorpions
  A hound (D:2)
  A sleepcap (D:5)
  Ijyb (D:3)
  2 gnolls
  An adder (D:3)
  2 worms (D:3)
  4 dart slugs
  10 orcs
  4 ball pythons
  3 bats
  2 endoplasms
  3 goblins
  2 hobgoblins
  2 jackals (D:2)
  2 quokkas
  3 kobolds
  3 rats
49 creatures vanquished.

Vanquished Creatures (collateral kills)
  An ice beast (D:4)
  A gnoll sergeant (D:4)
  Jessica (D:2)
  Terence (D:2)
  2 iguanas
  2 orc wizards (D:5)
  Robin (D:2)
  4 gnolls (D:4)
  2 adders
  2 dart slugs
  8 orcs
  A bat (D:3)
  An endoplasm (D:1)
  2 giant cockroaches
  6 goblins
  8 hobgoblins
  2 jackals (D:2)
  A quokka (D:1)
  2 ball pythons (D:2)
48 creatures vanquished.

Grand Total: 97 creatures vanquished

Notes
Turn   | Place    | Note
-------+----------+-------------------------------------------
     0 | D:1      | ChadusMaximus the Draconian Summoner began the quest for
                  | the Orb.
     0 | D:1      | Reached XP level 1. HP: 14/14 MP: 3/3
   325 | D:1      | Reached XP level 2. HP: 8/22 MP: 0/5
   443 | D:1      | Found Nerrugal's Jewellery Shoppe.
   444 | D:1      | Found a faded altar of an unknown god.
   530 | D:1      | Found Domauhoirr's Jewellery Boutique.
   563 | D:1      | Found Geeveub's Armour Boutique.
   571 | D:1      | Found Keesel's Magic Scroll Shoppe.
  1003 | D:2      | Learned a level 2 spell: Call Imp
  1010 | D:2      | Noticed Robin
  1011 | D:2      | Reached XP level 3. HP: 27/27 MP: 2/6
  1013 | D:2      | Reached skill level 1 in Fighting
  1185 | D:1      | Learned a level 3 spell: Call Canine Familiar
  1251 | D:2      | Killed Robin
  1481 | D:2      | Reached XP level 4. HP: 33/35 MP: 7/7
  1577 | D:2      | Noticed Terence
  1612 | D:2      | Killed Terence
  1796 | D:2      | Reached skill level 5 in Summonings
  1849 | D:2      | Noticed Jessica
  1855 | D:2      | Killed Jessica
  1931 | D:2      | Reached XP level 5. HP: 40/41 MP: 4/9
  2181 | D:2      | Found a glowing silver altar of Zin.
  2422 | D:3      | Noticed Zelen911's ghost (amateur DrBe)
  2424 | D:3      | Noticed an ogre
  2425 | D:3      | Found a transporter.
  2425 | D:3      | Found a transporter.
  2919 | D:3      | Noticed Ijyb
  2931 | D:3      | Killed Ijyb
  3146 | D:3      | Found a stormy altar of Qazlal.
  3147 | D:3      | Noticed a water elemental
  3147 | D:3      | Noticed an air elemental
  3147 | D:3      | Noticed a fire elemental
  3516 | D:4      | Reached XP level 6. HP: 51/51 MP: 11/11
  3643 | D:4      | Found a sacrificial altar of Ru.
  3763 | D:4      | Reached skill level 6 in Summonings
  3879 | D:4      | Found an ancient bone altar of Kikubaaqudgha.
  4065 | D:4      | Found a shadowy altar of Dithmenos.
  4378 | D:5      | Entered Level 5 of the Dungeon
  4386 | D:5      | Identified a scroll of acquirement
  4387 | D:5      | Acquired the +3 warlock's mirror {omnireflect}
  4387 | D:5      | Found the +3 warlock's mirror {omnireflect}
  4451 | D:5      | Noticed an ice beast
  4543 | D:4      | Killed an ice beast
  4544 | D:4      | Your scales start taking on a dull iron-grey colour.
  4544 | D:4      | Reached XP level 7. HP: 42/57 MP: 8/12
  4803 | D:5      | Found a staircase to the Ecumenical Temple.
  4812 | Temple   | Entered the Ecumenical Temple
  4851 | Temple   | Became a worshipper of the Shining One
  4894 | D:5      | Reached skill level 7 in Summonings
  5158 | D:5      | Noticed Eustachio
  5197 | D:5      | HP: 1/59 [Eustachio/+1 falchion of flaming (9)]
  5197 | D:5      | Slain by Eustachio

Illustrated notes

Levels and vault maps discovered:
D:1:      minmay_arrival_arboretum_large, layout_basic, serial_shops,
          nicolae_shop_tiny_waterfront, shop, shop, shop,
          basic_ecumenical_altar, nicolae_grassy_gnolls
D:2:      layout_loops_corners, basic_altar, uniq_jessica, uniq_robin,
          uniq_terence
D:3:      minmay_inner_zag, layout_loops_ring, nicolae_qazlal_style_of_elements,
          gammafunk_ghost_smash, minivault_26, uniq_ijyb
D:4:      layout_basic, mainiacjoe_overflow_cross_hatched,
          nicolae_ru_sacrificial_ziggurat, lemuel_crystal_altar,
          minmay_misc_feat_pillars
D:5:      minmay_diamond_boxcup, layout_loops_corners, minmay_temple_entry_mist,
          cheibrodos_sewer_entry_drain, hangedman_feature_mirror, uniq_eustachio
Temple:   hellmonk_temple_of_storms

Skill      XL: |  1  2  3  4  5  6  7 |
---------------+----------------------+-----
Dodging        | 2 |  2.0
Stealth        | 2 |  2.0
Fighting       | 1 2 3 4 |  4.3
Summonings     | 5 6 7 |  7.2
Spellcasting   | 3 4 |  4.2

Action                     |  1- 3 |  4- 6 |  7- 9 || total
---------------------------+-------+-------+-------++-------
  Melee: Unarmed           |    21 |       |       ||    21
         Spear             |    57 |   130 |       ||   187
         Tailslap          |     8 |     9 |    11 ||    28
         Punch             |     1 |     1 |       ||     2
         Halberd           |       |    11 |    64 ||    75
   Cast: Summon Small Mamm |    19 |    17 |     9 ||    45
         Call Imp          |     3 |    18 |     1 ||    22
         Call Canine Famil |     2 |    17 |     5 ||    24
    Use: Scroll            |       |     9 |     4 ||    13
   Stab: Sleeping          |     2 |     9 |       ||    11
         Distracted        |     1 |     2 |       ||     3
 Armour: Skin              |    17 |    24 |    71 ||   112
  Dodge: Dodged            |    40 |    76 |    97 ||   213
